 Dungeon Crawl Stone Soup version 0.31.0-4-g52a2dc7128 (webtiles) character file.

Game seed: 3064489766279139854

26 Armakuni the Ducker (level 2, 0/18 HPs)
             Began as a Deep Elf Gladiator on Jan 21, 2024.
             Was a Follower of Sif Muna.
             Succumbed to an adder's poison
             ... on level 2 of the Dungeon.
             The game lasted 00:03:05 (828 turns).

Armakuni the Ducker (Deep Elf Gladiator)             Turns: 828, Time: 00:03:06

Health: 0/18       AC:  5    Str:  8 (11) XL:     2   Next: 89%
Magic:  4/4        EV: 12    Int: 11 (12) God:    Sif Muna [*.....]
Gold:   28         SH:  0    Dex: 14 (16) Spells: 0/1 levels left

rFire   . . .        a - +0 quarterstaff
rCold   . . .        (shield currently unavailable)
rNeg    . . .        g - +0 leather armour
rPois   .            c - +0 helmet
rElec   .            (no cloak)
rCorr   .            (no gloves)
SInv    .            h - +0 pair of boots
Will    .....        (no amulet)
Stlth   +            (no ring)
HPRegen 0.23/turn    (no ring)
MPRegen 0.09/turn

%: no passive effects
@: lethally poisoned (0 -> -4)
A: no striking features
a: Renounce Religion, Channel Magic


You were on level 2 of the Dungeon.
You worshipped Sif Muna.
Sif Muna was aware of your devotion.
You visited 1 branch of the dungeon, and saw 2 of its levels.

You collected 28 gold pieces.

Inventory:

Hand Weapons
 a - a +0 quarterstaff (weapon)
 b - a +1 dagger of venom
Missiles
 e - 7 javelins
Armour
 c - a +0 helmet (worn)
 g - a +0 leather armour (worn)
 h - a +0 pair of boots (worn)
Scrolls
 f - a scroll of immolation
Potions
 i - a potion of degeneration


   Skills:
 + Level 2.8 Fighting
 - Level 3.0 Staves
 - Level 2.0 Throwing
 - Level 3.6 Dodging


You couldn't memorise any spells.
You knew the following spells:

 Your Spells              Type           Power      Damage    Failure   Level
a - Apportation           Tloc           0%         N/A       45%         1

Your spell library contained the following spells:

 Spells                   Type           Power      Damage    Failure   Level
 Jinxbite                 Hex            0%         N/A       61%         2
 Alistair's Intoxication  Alch           0%         N/A       100%        5


Dungeon Overview and Level Annotations

Branches:
Dungeon (2/15)

Altars:
Sif Muna

Annotations:
D:2 Terence


Message History

Press: ? - help, Q - select action, (/) - cycle Shift-Dir - straight line, f - adder
Aim: an adder (40% to hit)
You throw a throwing net.
The throwing net barely misses the adder.
You feel sick.
You are no longer poisoned.
The adder completely misses you.
You closely miss the adder. The adder completely misses you.
You hit the adder.
The adder is moderately wounded.
The adder bites you.
You are poisoned.
The adder poisons you! The adder barely misses you.
Throw: throwing net
Press: ? - help, Q - select action, (/) - cycle Shift-Dir - straight line, f/p - adder
Aim: an adder (moderately wounded, 40% to hit)
You throw a throwing net.
The throwing net barely misses the adder.
You feel sick. The adder bites you.
You are lethally poisoned!
The adder poisons you!
It was a potion of degeneration.
There was something very wrong with that liquid.
You feel weakened.
You feel dopey.
You feel clumsy.
* * * LOW HITPOINT WARNING * * *
You feel very sick. The adder barely misses you.
As you read the scroll labelled MIECRO JAINE, it crumbles to dust.
The creatures around you are filled with an inner flame!
It was a scroll of immolation.
* * * LOW HITPOINT WARNING * * *
You feel sick. The adder closely misses you.
The adder bites you but does no damage.
You barely miss the adder.
The adder is moderately wounded.
* * * LOW HITPOINT WARNING * * *
You feel sick. The adder closely misses you.
You hit the adder.
Flame seeps out of the adder.
The adder is heavily wounded.
You die...

###
#.##########
#.........<#
#.##########
#.# #.# #.#
#.##########.#
#.....@S.....(
##########..#.


You could see an adder (inner flame).

Vanquished Creatures
  A ribbon worm (D:1)
  An endoplasm (D:1)
  3 giant cockroaches (D:1)
  4 goblins (D:1)
  5 hobgoblins (D:1)
  A ball python (D:2)
  A bat (D:1)
  A frilled lizard (D:2)
  4 kobolds
  A rat (D:1)
22 creatures vanquished.

Notes
Turn   | Place    | Note
-------+----------+-------------------------------------------
     0 | D:1      | Armakuni the Deep Elf Gladiator began the quest for the
                  | Orb.
     0 | D:1      | Reached XP level 1. HP: 12/12 MP: 3/3
   121 | D:2      | Noticed Terence
   292 | D:1      | Reached XP level 2. HP: 17/17 MP: 4/4
   732 | D:1      | Found a faded altar of an unknown god.
   747 | D:1      | Prayed at the altar of an unknown god.
   747 | D:1      | Became a worshipper of Sif Muna the Loreminder
   747 | D:1      | Reached * piety under Sif Muna
   792 | D:1      | Learned a level 1 spell: Apportation
   828 | D:2      | Succumbed to an adder's poison

Illustrated notes

Levels and vault maps discovered:
D:1:      dpeg_arrival_brainrot, layout_loops_ring,
          ebering_ecumenical_altar_hall
D:2:      layout_basic, kennysheep_generic_room_4, uniq_terence, uniq_sigmund

Skill      XL: |  1 |
---------------+----+-----
Fighting       | 2 |  2.8
Staves         | |  3.0
Throwing       | |  2.0
Dodging        | |  3.6

Action                     || total
---------------------------++-------
  Melee: Quarterstaff      ||    68
  Throw: Throwing net      ||     3
    Use: Scroll            ||     1
         Potion            ||     1
   Stab: Held in net/web   ||     2
         Sleeping          ||     1
 Armour: Leather armour    ||    26
  Dodge: Dodged            ||    45
